 Dungeon Crawl Stone Soup version 0.25.1-2-g60ff931df9 (webtiles) character file.

Game seed: 4221879353627291451

84 Borneo the Conjurer (level 4, 0/33 HPs)
             Began as a Demigod Conjurer on Oct 28, 2020.
             Slain by a gnoll
             ... wielding a +0 halberd
              (9 damage)
             ... on level 3 of the Dungeon.
             The game lasted 00:05:35 (2889 turns).

Borneo the Conjurer (Demigod Conjurer)              Turns: 2889, Time: 00:05:36

Health: 0/33       AC:  3    Str: 13    XL:     4   Next: 4%
Magic:  2/9        EV: 12    Int: 19    God:
Gold:   126        SH:  0    Dex: 16    Spells: 1/7 levels left

rFire    . . .     SeeInvis .   (no weapon)
rCold    . . .     Gourm    .   (no shield)
rNeg     . . .     Faith    .   a - +1 robe
rPois    .         Spirit   .   (no helmet)
rElec    .         Reflect  .   (no cloak)
rCorr    .         Harm     .   (no gloves)
MR       .....                  (no boots)
Stlth    ++........             (no amulet)
HPRegen  0.11/turn              (no ring)
MPRegen  0.11/turn              (no ring)

@: very slightly contaminated
A: high mp 1
a: no special abilities


You were on level 3 of the Dungeon.
You were not hungry.

You visited 1 branch of the dungeon, and saw 3 of its levels.

You collected 126 gold pieces.

Inventory:

Armour
 a - a +1 robe (worn)
Jewellery
 d - a +6 ring of intelligence
 g - an uncursed ring of protection from magic {unknown}
Scrolls
 e - a scroll of teleportation {unknown}
 h - a scroll of fear {unknown}
 i - 2 scrolls of identify
Potions
 b - a potion of haste
 f - a potion of flight {unknown}
Comestibles
 c - 3 rations
 j - 7 chunks of flesh


   Skills:
 + Level 1.9 Dodging
 + Level 2.0 Stealth
 + Level 2.1 Spellcasting
 + Level 4.9 Conjurations


You had one spell level left.
You knew the following spells:

 Your Spells              Type           Power        Failure   Level  Hunger
a - Magic Dart            Conj           ###.         2%          1    #......
b - Searing Ray           Conj           ###...       3%          2    ##.....
c - Dazzling Flash        Conj/Hex       ##....       19%         3    ###....

Your spell library contained the following spells:

 Spells                   Type           Power        Failure   Level  Hunger
 Fulminant Prism          Conj/Hex       ##........   52%         4    #####..
 Iskenderun's Mystic Bla  Conj/Tloc      ##......     52%         4    #####..


Dungeon Overview and Level Annotations

Branches:
Dungeon (3/15)


Innate Abilities, Weirdness & Mutations

You have an increased reservoir of magic. (+10% MP)


Message History

The gnoll is almost dead.
The gnoll hits you from afar with a +0 halberd!
Casting: Magic Dart (safe; 2% risk of failure)
Confirm with . or Enter, or press ? or * to list all spells.
Aiming: Magic Dart (safe; 2% risk of failure)
Press: ? - help, Shift-Dir - straight line, f/p - gnoll
Aim: a gnoll, wielding a +0 halberd (almost dead)
The magic dart hits the gnoll but does no damage.
The gnoll is almost dead.
The gnoll hits you from afar with a +0 halberd!
* * * LOW HITPOINT WARNING * * *
Casting: Magic Dart (safe; 2% risk of failure)
Confirm with . or Enter, or press ? or * to list all spells.
Aiming: Magic Dart (safe; 2% risk of failure)
Press: ? - help, Shift-Dir - straight line, f/p - gnoll
Aim: a gnoll, wielding a +0 halberd (almost dead)
The magic dart hits the gnoll but does no damage.
The gnoll is almost dead.
The gnoll hits you from afar with a +0 halberd!
You die...

### #..
########.#.#######
#...รท....#.#.@.g.#
#.#<.....#.#.###.#
#.########.#.###
#..............#
##########.#####
#.# #.# #.# #.#


You could see a gnoll.

Vanquished Creatures
  A gnoll (D:1)
  An adder (D:2)
  2 oozes
  2 dart slugs
  A leopard gecko (D:1)
  2 ball pythons (D:1)
  A giant cockroach (D:1)
  5 goblins
  5 hobgoblins
  7 jackals
  5 kobolds
  A quokka (D:2)
  7 bats
  5 frilled lizards
  4 rats (D:1)
49 creatures vanquished.

Notes
Turn   | Place    | Note
-------+----------+-------------------------------------------
     0 | D:1      | Borneo the Demigod Conjurer began the quest for the Orb.
     0 | D:1      | Reached XP level 1. HP: 14/14 MP: 5/5
   312 | D:1      | Reached skill level 4 in Conjurations
   312 | D:1      | Reached XP level 2. HP: 20/20 MP: 2/7
   779 | D:1      | Learned a level 2 spell: Searing Ray
  1043 | D:1      | Reached XP level 3. HP: 26/26 MP: 1/8
  1673 | D:2      | Learned a level 3 spell: Dazzling Flash
  2167 | D:2      | Found a glowing silver altar of Zin.
  2350 | D:2      | Found a hide-covered altar of Uskayaw.
  2352 | D:2      | Found a glowing silver altar of Zin.
  2352 | D:2      | Found a shimmering altar of Xom.
  2354 | D:2      | Found a sparkling altar of Nemelex Xobeh.
  2354 | D:2      | Found a radiant altar of Vehumet.
  2354 | D:2      | Found a basalt altar of Yredelemnul.
  2709 | D:2      | Reached XP level 4. HP: 32/33 MP: 5/9
  2744 | D:2      | Found a faded altar of an unknown god.
  2889 | D:3      | Slain by a gnoll

Illustrated notes

Levels and vault maps discovered:
D:1:      dpeg_chamrin_arrival_tetris, layout_basic, minmay_misc_feat_tiny,
          minmay_pentomino_r4
D:2:      layout_basic, old_standard_altar, chequers_ecumenical_altar_grove,
          minivault_5, minmay_misc_feat_rows, minmay_splitting_lines,
          doesnt_xom_only_xom
D:3:      layout_basic, nicolae_overflow_crystal_walls, uniq_natasha,
          uniq_sigmund

Skill      XL: |  1  2  3 |
---------------+----------+-----
Conjurations   | 4 |  4.9
Spellcasting   | 2 |  2.1
Stealth        | 2 |  2.0
Dodging        | |  1.9

Action                   |  1- 3 |  4- 6 || total
-------------------------+-------+-------++-------
Melee: Unarmed           |     6 |       ||     6
 Cast: Magic Dart        |   103 |     9 ||   112
       Searing Ray       |     2 |       ||     2
  Use: Scroll            |     3 |       ||     3
  Eat: Chunk             |     5 |     2 ||     7
Armor: Robe              |     4 |       ||     4
Dodge: Dodged            |    13 |     2 ||    15
